 Dungeon Crawl Stone Soup version 0.30.1-9-gdf580d7c3d (webtiles) character file.

Game seed: 80868504593711926

88 KittyFluff the Cudgeller (level 4, -5/29 HPs)
             Began as a Gargoyle Berserker on Oct 3, 2023.
             Was a Believer of Trog.
             Slain by an ogre
             ... wielding a +0 giant club
              (25 damage)
             ... on level 3 of the Dungeon.
             The game lasted 00:06:54 (1555 turns).

KittyFluff the Cudgeller (Gargoyle Berserker)       Turns: 1555, Time: 00:06:55

Health: -5/29      AC:  7    Str: 20    XL:     4   Next: 53%
Magic:  4/4        EV: 11    Int:  8    God:    Trog [**....]
Gold:   124        SH:  0    Dex: 11    Spells: 3/3 levels left

rFire   . . .        a - +0 mace
rCold   . . .        (no shield)
rNeg    + . .        k - +0 leather armour
rPois   ∞            (no helmet)
rElec   +            (no cloak)
rCorr   .            (no gloves)
SInv    .            (no boots)
Will    .....        (no amulet)
Stlth   +            (no ring)
HPRegen 0.24/turn    (no ring)
MPRegen 0.09/turn

%: no passive effects
@: no status effects
A: sickness immunity, AC +3, negative energy resistance 1, electricity
resistance, torment resistance 1, petrification resistance
a: Renounce Religion, Berserk, Trog's Hand


You were on level 3 of the Dungeon.
You worshipped Trog.
Trog was pleased with you.
You visited 1 branch of the dungeon, and saw 3 of its levels.

You collected 124 gold pieces.

Inventory:

Hand Weapons
 a - a +0 mace (weapon)
Missiles
 p - 6 atropa-tipped darts (quivered)
 q - 6 boomerangs
Armour
 b - the +0 ring mail "Pynel" {Contam rCorr Dex+6}
   (You found it on level 2 of the Dungeon)

   Dex:       It affects your dexterity (+6).
   Contam:    It causes magical contamination when unequipped.
   rCorr:     It protects you from acid and corrosion.
 k - a +0 leather armour (worn)
Jewellery
 r - a +6 ring of dexterity
Scrolls
 c - 3 scrolls of vulnerability {unknown}
 e - a scroll of poison {unknown}
 g - a scroll of fear {unknown}
 j - a scroll of teleportation {unknown}
 n - 3 scrolls of identify {unknown}
Potions
 d - a potion of might {unknown}
 f - 2 potions of invisibility {unknown}
 h - 2 potions of degeneration {unknown}
 i - a potion of ambrosia {unknown}
 l - a potion of flight {unknown}
 m - a potion of mutation {unknown}
 o - a potion of haste {unknown}


   Skills:
 + Level 3.7 Fighting
 * Level 3.8 Maces & Flails
 * Level 3.5 Armour
 + Level 2.0 Dodging


You had 3 spell levels left.
You didn't know any spells.
Your spell library was empty.

Dungeon Overview and Level Annotations

Branches:
Dungeon (3/15)

Altars:

Shops:
D:2 =(:


Innate Abilities, Weirdness & Mutations

You are immune to sickness and miasma.
Your stone body is resilient. (AC +3)
You are immune to poison.
You resist negative energy. (rN+)
You are resistant to electric shocks. (rElec)
You are resistant to unholy torment.
You are immune to petrification.


Message History

You miss the bat.
The bat is moderately wounded.
The bat hits you but does no damage.
You miss the bat.
The bat is moderately wounded.
The bat hits you but does no damage. The bat hits you but does no damage.
You closely miss the bat. The bat hits you. The bat closely misses you.
You miss the bat. The bat hits you but does no damage.
The bat hits you but does no damage.
You barely miss the bat. The bat barely misses you. The bat closely misses you.
You miss the bat. The bat barely misses you.
The bat hits you but does no damage.
You hit the bat.
The bat is moderately wounded.
The bat hits you. The bat hits you but does no damage.
You hit the bat.
The bat is heavily wounded.
The bat hits you but does no damage.
You hit the bat.
You kill the bat!
Trog accepts your kill.
You see here a bat corpse.
An ogre comes into view. It is wielding a +0 giant club.
The ogre shouts!
A frilled lizard comes into view.
The frilled lizard hisses angrily.
The ogre barely misses you.
You sock the ogre!
The ogre is moderately wounded.
The ogre hits you with a +0 giant club!
You sock the ogre!
The ogre is severely wounded.
You sock the ogre!
The ogre is almost dead.
The ogre hits you with a +0 giant club!!
Ouch! That really hurt!
You die...

... ... ..#+####### ..........
#......... #.........
###+##lO.)..... #......@.####
#.†.........#
########...........#
#..................####8..8##
#.......................>...
#...........................
#........#+#####......#8..8 .
#........#+#############..###.#
#..................#..........


You could see an ogre and a frilled lizard.

Vanquished Creatures
  An adder (D:2)
  A worm (D:2)
  A dart slug (D:2)
  6 orcs
  8 endoplasms
  4 giant cockroaches
  5 goblins
  8 hobgoblins
  3 jackals (D:1)
  2 quokkas
  2 ball pythons (D:1)
  9 bats
  2 frilled lizards (D:1)
  3 kobolds
  3 rats
58 creatures vanquished.

Notes
Turn   | Place    | Note
-------+----------+-------------------------------------------
     0 | D:1      | KittyFluff the Gargoyle Berserker began the quest for the
                  | Orb.
     0 | D:1      | Reached XP level 1. HP: 14/14 MP: 1/1
   166 | D:1      | Reached XP level 2. HP: 19/19 MP: 2/2
   262 | D:1      | Found a faded altar of an unknown god.
   394 | D:1      | Reached XP level 3. HP: 23/23 MP: 3/3
   630 | D:1      | Reached ** piety under Trog
   863 | D:2      | Found Petycoaph's Weapon Boutique.
   926 | D:2      | Reached XP level 4. HP: 29/29 MP: 4/4
   954 | D:2      | Identified the +0 ring mail "Pynel" {Contam rCorr Dex+6}
  1133 | D:2      | Found Quyxott's Jewellery Shoppe.
  1317 | D:2      | Found Xifoab's Book Boutique.
  1548 | D:3      | Noticed an ogre
  1555 | D:3      | Slain by an ogre

Illustrated notes

Levels and vault maps discovered:
D:1:      minmay_arrival_wavy_path, layout_rooms, shapermc_ecumenical_altar_gd
D:2:      layout_rooms, serial_shops, nicolae_shop_waterfront,
          nicolae_shop_window_shopping, nicolae_shop_waterfront,
          minmay_misc_feat_secret_circle, wad_orctagon
D:3:      layout_basic, lemuel_round_altar, st_stairs_6, patterned_corridor

Skill      XL: |  1  2  3 |
---------------+----------+-----
Armour         | 3 |  3.5
Dodging        | 2 |  2.0
Fighting       | |  3.7
Maces & Flails | |  3.8

Action                     |  1- 3 |  4- 6 || total
---------------------------+-------+-------++-------
  Melee: Mace              |   114 |    75 ||   189
 Armour: Animal skin       |    26 |       ||    26
         Leather armour    |       |    36 ||    36
  Dodge: Dodged            |    79 |    52 ||   131
